 Dungeon Crawl Stone Soup version 0.30-a0-930-gb9d0489357 (webtiles) character file.

Game seed: 4694694240677217331

200 ragingrage the Sneak (level 5, -3/21 HPs)
             Began as a Felid Earth Elementalist on Mar 24, 2023.
             Was an Initiate of Gozag.
             Slain by a shadow imp (5 damage)
             ... on level 4 of the Dungeon.
             The game lasted 00:02:56 (3254 turns).

ragingrage the Sneak (Felid Earth Elementalist)     Turns: 3254, Time: 00:02:57

Health: -3/21      AC:  1    Str:  4    XL:     5   Next: 49%
Magic:  5/9        EV: 17    Int: 18    God:    Gozag
Gold:   267        SH:  0    Dex: 17    Spells: 2/8 levels left
                                        Lives:  0   Deaths: 1

rFire   . . .      SeeInvis +      - Unarmed
rCold   . . .      Faith    .    (shield unavailable)
rNeg    . . .      Spirit   .    (body armour unavailable)
rPois   .          Reflect  .    (helmet unavailable)
rElec   .          Rampage  .    (cloak unavailable)
rCorr   .                        (gloves unavailable)
Will    .....                    (boots unavailable)
Stlth   +++                      (no amulet)
HPRegen 0.23/turn                (no ring)
MPRegen 0.11/turn                (no ring)

@: quick
A: very small, claws 1, fangs 3, see invisible, speed 1, shaggy fur 1, stealthy
paws, no weapons or thrown items, no armour, multi-lived
a: Renounce Religion, Potion Petition, Call Merchant, Bribe Branch


You were on level 4 of the Dungeon.
You worshipped Gozag.
Gozag was aware of your devotion.
You visited 1 branch of the dungeon, and saw 4 of its levels.

You collected 314 gold pieces.
You paid 47 gold pieces to Gozag.

Inventory:

Scrolls
 d - 4 scrolls of identify {unknown}
 h - a scroll of fog {unknown}
 i - 2 scrolls of vulnerability {unknown}
 j - a scroll of teleportation {unknown}
 k - a scroll of brand weapon {unknown}
 m - a scroll of amnesia {unknown}
Potions
 a - a potion of magic
 b - a potion of mutation {unknown}
 c - 2 potions of lignification {unknown}
 e - a potion of heal wounds {unknown}
 f - 6 potions of curing {unknown}
 g - a potion of berserk rage {unknown}
 l - a potion of might {unknown}


   Skills:
 - Level 2.6 Dodging
 - Level 5.0 Stealth
 - Level 2.0 Unarmed Combat
 - Level 2.0 Spellcasting
 + Level 1.7 Conjurations
 - Level 1.1 Transmutations
 + Level 4.5 Earth Magic


You had 2 spell levels left.
You knew the following spells:

 Your Spells              Type           Power      Damage    Failure   Level
a - Sandblast             Erth           36%        2d10      2%          1
b - Passwall              Tmut/Erth      10%        N/A       9%          2
c - Stone Arrow           Conj/Erth      26%        3d8       16%         3

Your spell library contained the following spells:

 Spells                   Type           Power      Damage    Failure   Level
 Slow                     Hex            4%         N/A       19%         1
 Confusing Touch          Hex            1%         N/A       47%         3
 Vampiric Draining        Necr           1%         2d6       47%         3
 Petrify                  Tmut/Erth      12%        N/A       50%         4


Dungeon Overview and Level Annotations

Branches:
Dungeon (4/15)
 Temple: D:4-7

Altars:
Gozag
Ru

Annotations:
D:2 grumposus's ghost, amateur AtFi


Innate Abilities, Weirdness & Mutations

You have sharp claws.
You have razor-sharp teeth.
You have supernaturally acute eyesight. (SInv)
You cover ground quickly. (Speed+)
You are covered in fur. (AC +1)
Your paws help you pounce on unaware monsters.
You are incapable of wielding weapons or throwing items.
You cannot wear armour.
You gain extra lives every three experience levels.


Message History

The blast of sand misses the goblin.
The goblin shouts!
The goblin barely misses you.
The blast of sand hits the goblin!
You kill the goblin!
You can't see any susceptible monsters within range! (Use Z to cast anyway.)
You now have 267 gold pieces (gained 9).
c - 2 golden potions (gained 1)
You see here a +0 mace.
A shadow imp comes into view.
You can't see any susceptible monsters within range! (Use Z to cast anyway.)
You can't see any susceptible monsters within range! (Use Z to cast anyway.)
The shadow imp shouts, "Disclaim thyself, thou skyhacking guts-griping zombie-fodder!"
The blast of sand misses the shadow imp.
The shadow imp completely misses you.
The blast of sand hits the shadow imp.
The shadow imp barely misses you.
A shadow imp is nearby!
You barely miss the shadow imp.
You claw the shadow imp, but do no damage.
The shadow imp misses you.
The blast of sand misses the shadow imp.
The shadow imp closely misses you.
The shadow imp lashes its tail.
The shadow imp hits you.
You scratch the shadow imp but do no damage.
You bite the shadow imp.
A shadow imp is nearby!
The blast of sand misses the shadow imp.
The shadow imp gestures at you. Pain shoots through your body!
Ouch! That really hurt!
* * * LOW HITPOINT WARNING * * *
The shadow imp hits you.
* * * LOW HITPOINT WARNING * * *
Aiming: Sandblast (safe; 2% risk of failure)
Aim: a shadow imp (severely wounded, 80% to hit)
The blast of sand hits the shadow imp.
The shadow imp hits you.
You die...
Your body crumbles into a pile of gold.

.## #................... .#
###########..#####.####..##### .#
#........##..###.#.# #[.# # .#
#.......<##...)....## #..##### .#
#........##.........###.......
'###........##.#.##....'.....####
.........#####.#.# ....###.#.# #
.........'.....#.# # ### #.#...
.....)...#####.#@# #.###.#
.............#.#5# #.# .#
.....####.##...#.#########.# #
.....####.####.#.....)...#.######
####.........#.......#...........
#......##.#.....#.#.#.#.#####.
#.........#.......#.#.#.#
#......#..##.##.###.#.#.#
#......#.....##.# #.#.#.#


You could see a shadow imp.

Vanquished Creatures
  2 jellies
  An orc priest (D:3)
  An iguana (D:4)
  6 adders
  An ufetubus (D:4)
  3 worms
  4 dart slugs
  7 orcs
  2 bats (D:2)
  2 endoplasms
  3 giant cockroaches
  7 goblins
  6 hobgoblins
  3 jackals (D:1)
  3 quokkas
  2 frilled lizards (D:1)
  10 kobolds
  3 rats
66 creatures vanquished.

Notes
Turn   | Place    | Note
-------+----------+-------------------------------------------
     0 | D:1      | ragingrage the Felid Earth Elementalist began the quest for
                  | the Orb.
     0 | D:1      | Reached XP level 1. HP: 7/7 MP: 4/4
   121 | D:1      | Reached skill level 3 in Stealth
   200 | D:1      | Reached XP level 2. HP: 11/11 MP: 3/6
   871 | D:2      | Reached skill level 4 in Stealth
   871 | D:2      | Reached XP level 3. HP: 14/14 MP: 5/7
  1180 | D:2      | Learned a level 2 spell: Passwall
  1184 | D:2      | Learned a level 3 spell: Stone Arrow
  1600 | D:3      | Reached XP level 4. HP: 18/18 MP: 6/8
  1776 | D:3      | Reached skill level 1 in Unarmed Combat
  1982 | D:3      | Found a runed translucent gate.
  1983 | D:3      | Found a runed translucent gate.
  1983 | D:3      | Found an opulent altar of Gozag.
  1984 | D:3      | Found a runed translucent gate.
  1988 | D:3      | Reached skill level 1 in Conjurations
  2267 | D:3      | Noticed grumposus's ghost (amateur AtFi)
  2300 | D:3      | Slain by a hound
  2301 | D:3      | Reached XP level 3. HP: 0/14 MP: 4/7
  2336 | D:3      | Became a worshipper of Gozag Ym Sagoz the Greedy
  2519 | D:3      | Reached XP level 4. HP: 18/18 MP: 5/8
  2775 | D:4      | Found a sacrificial altar of Ru.
  3045 | D:4      | Reached XP level 5. HP: 11/21 MP: 6/9
  3046 | D:4      | Reached skill level 5 in Stealth
  3253 | D:4      | HP: 1/21 [shadow imp (4)]
  3254 | D:4      | Slain by a shadow imp

Illustrated notes

Levels and vault maps discovered:
D:1:      minmay_arrival_arboretum_small, layout_basic
D:2:      layout_basic
D:3:      layout_basic, ebering_ghost_gozag, corexii_shack,
          amcnicky_mini_rare_corridor_liquid
D:4:      minmay_diamond_boxcup, layout_basic, nicolae_overflow_hidden_temple,
          mainiacjoe_overflow_catwalk

Skill      XL: |  1  2  3  4  5 |
---------------+----------------+-----
Stealth        | 3 4 5 |  5.0
Earth Magic    | 3 4 |  4.5
Unarmed Combat | 1 2 |  2.0
Conjurations   | 1 |  1.7
Dodging        | |  2.6
Spellcasting   | |  2.0
Transmutations | |  1.1

Action                     |  1- 3 |  4- 6 || total
---------------------------+-------+-------++-------
  Melee: Unarmed           |     4 |     8 ||    12
         Bite              |       |     2 ||     2
         Punch             |       |     2 ||     2
   Cast: Sandblast         |    54 |    56 ||   110
   Stab: Sleeping          |       |     1 ||     1
 Armour: Skin              |     1 |     1 ||     2
  Dodge: Dodged            |    13 |    35 ||    48

Table legend: (Time is in decaauts)
 A = Elapsed time spent in this place.
 B = Non-inter-level travel time spent in this place.
 C = Inter-level travel time spent in this place.
 D = Time resting spent in this place.
 E = Time spent auto-exploring this place.
 F = Levels seen in this place.
 G = Mean time per level.
                   A        B        C        D        E       F      G
               +--------+--------+--------+--------+--------+-----+--------+
         Total |   2899 |   2830 |     69 |    451 |   1940 |   4 |  724.8 |
       Dungeon |   2899 |   2830 |     69 |    451 |   1940 |   4 |  724.8 |
               +--------+--------+--------+--------+--------+-----+--------+

Top non-repeatable levels by time:
     D:3: 1124 daAuts
     D:2: 820 daAuts
     D:1: 507 daAuts
     D:4: 446 daAuts
